 Dungeon Crawl Stone Soup version bcrawl-1.21.3 (webtiles) character file.

Game seed: 545029644721597677

11 Flugslaktarn the Sneak (level 2, -2/17 HPs)
             Began as a Skeleton Archaeologist on Mar 30, 2020.
             Slain by a leopard gecko (3 damage)
             ... on level 1 of the Dungeon.
             The game lasted 00:00:12 (384 turns).

Flugslaktarn the Sneak (Skeleton Archaeologist)      Turns: 384, Time: 00:00:12

Health: -2/17      AC:  6    Str: 16 (17) XL:     2   Next: 13%
Magic:  0/2        EV: 12    Int: 11 (12) God:
Gold:   47         SH:  0    Dex:  7      Spells: 1/1 levels left

rFire    . . .     SeeInvis .   a - +0 whip
rCold    + . .     Gourm    .   (no shield)
rNeg     + + +     Faith    .   b - +1 robe
rPois    ∞         Spirit   +   c - +1 hat
rElec    .         Reflect  .   (no cloak)
rCorr    .         Harm     .   (no gloves)
MR       .....                  d - +1 pair of boots
Stlth    ++........             (no amulet)
HPRegen  0.05/turn              (no ring)
MPRegen  0.08/turn              (no ring)

@: no status effects
A: no food or potions, cold resistance 1, deterioration 1, negative energy
resistance 3, torment resistance, unbreathing, magic shield, sturdy frame 1,
spell healing
a: no special abilities


You were on level 1 of the Dungeon.
You were not hungry.

You visited 1 branch of the dungeon, and saw 1 of its levels.

You collected 47 gold pieces.

Inventory:

Hand Weapons
 a - a +0 whip (weapon)
Armour
 b - a +1 robe (worn)
 c - a +1 hat (worn)
 d - a +1 pair of boots (worn)
Scrolls
 e - a scroll of magic mapping
 g - 3 scrolls of teleportation {unknown}
 h - a scroll of fog {unknown}
Miscellaneous
 f - a dusty tome


   Skills:
 + Level 2.2 Fighting
 - Level 1.2 Maces & Flails
 - Level 3.0 Dodging
 - Level 3.6 Stealth


You had one spell level left.
You didn't know any spells.
Your spell library was empty.

Dungeon Overview and Level Annotations

Branches:
Dungeon (1/12)

Altars:


Innate Abilities, Weirdness & Mutations

You do not eat or drink.
You are immune to poison.
Your flesh is cold resistant. (rC+)
Your body sometimes deteriorates upon taking damage.
You are immune to negative energy. (rN+++)
You are immune to unholy pain and torment.
You can survive without breathing.
When hurt, damage is shared between your health and your magic reserves.
Your movements are slightly less encumbered by armour. (ER -2)
Casting spells heals you.


Message History

The giant cockroach bites you. The leopard gecko bites you.
Your body deteriorates!
You feel dopey. The leopard gecko closely misses you. The rat bites you.
Your body deteriorates!
You feel weakened. The leopard gecko bites you.
* * * LOW HITPOINT WARNING * * *
The jackal barely misses you.
You are too injured to fight recklessly!
You are too injured to fight recklessly!
You are too injured to fight recklessly!
You are too injured to fight recklessly!
The leopard gecko misses you. The giant cockroach closely misses you.
The leopard gecko bites you.
* * * LOW HITPOINT WARNING * * *
Unknown command.
The bat hits you.
* * * LOW HITPOINT WARNING * * *
The bat barely misses you. The bat hits you but does no damage.
The leopard gecko bites you.
You die...

....[.......# ..#.#.##(#$##
............# #.#.#.#.....#
............#+#.#..........
..###................?.....
..# #...............)......
.. #..........#..!........
.. #..........#rsl.(......
# #..........#bl.........
#..........#@lh....$..$
########..>'...........
#.###.......#### #.#
#....#### #.# ###### ###


You could see 3 leopard geckos, a jackal, a giant cockroach, a bat and a rat.

Vanquished Creatures
  A leopard gecko (D:1)
  2 bats (D:1)
  A goblin (D:1)
  2 hobgoblins (D:1)
  A frilled lizard (D:1)
  2 rats (D:1)
9 creatures vanquished.

Notes
Turn   | Place    | Note
-------+----------+-------------------------------------------
     0 | D:1      | Flugslaktarn the Skeleton Archaeologist began the quest for
                  | the Orb.
     0 | D:1      | Reached XP level 1. HP: 12/12 MP: 1/1
   277 | D:1      | Reached XP level 2. HP: 14/17 MP: 2/2
   384 | D:1      | Slain by a leopard gecko

Skill      XL: |  1 |
---------------+----+-----
Fighting       | 2 |  2.2
Maces & Flails | |  1.2
Dodging        | |  3.0
Stealth        | |  3.6

Action                   || total
-------------------------++-------
Melee: Whip              ||    42
 Stab: Sleeping          ||     2
Armor: Robe              ||    40
Dodge: Dodged            ||    44
